 Dungeon Crawl Stone Soup version 0.19-a0-330-g034cfd4 (webtiles) character file.

126 epen the Magician (level 4, -3/25 HPs)
             Began as a Deep Elf Air Elementalist on May 28, 2016.
             Slain by an orc warrior
             ... wielding a +0 hand axe
              (11 damage)
             ... on level 4 of the Dungeon.
             The game lasted 00:07:05 (3544 turns).

epen the Magician (Deep Elf Air Elementalist)       Turns: 3544, Time: 00:07:06

Health: -3/25      AC:  3    Str:  5    XL:     4   Next: 83%
Magic:  5/11       EV: 13    Int: 21    God:
Gold:   171        SH:  0    Dex: 15    Spells: 4 memorised, 2 levels left

rFire  . . .     SeeInvis .     d - +0 dagger (curse)
rCold  . . .     Gourm    .     a - +1 robe
rNeg   . . .     Faith    .     (no shield)
rPois  .         Spirit   .     (no helmet)
rElec  .         Dismiss  .     (no cloak)
rCorr  .         Reflect  .     (no gloves)
SustAt .         Harm     .     (no boots)
MR     .....                    q - amulet of magic regeneration
Stlth  ++........               (no ring)
                                (no ring)

@: sluggish, repel missiles, very slow, not resistant to hostile enchantments,
unstealthy
A: no striking features
a: no special abilities


You were on level 4 of the Dungeon.
You were not hungry.

You visited 1 branch of the dungeon, and saw 4 of its levels.

You collected 171 gold pieces.

Inventory:

Hand Weapons
 d - a cursed +0 dagger (weapon)
 i - a +1 spear of freezing
 n - a +2 dagger of venom
Armour
 a - a +1 robe (worn)
Jewellery
 q - an amulet of magic regeneration (around neck)
Potions
 g - a potion of might
 l - a potion of haste
 o - a potion of degeneration {unknown}
 p - a potion of heal wounds {unknown}
Books
 b - a book of Air

   Spells                             Type                      Level
   a - Shock                          Conjuration/Air              1
   b - Swiftness                      Charms/Air                   2
   c - Repel Missiles                 Charms/Air                   2
   d - Static Discharge               Conjuration/Air              3
   e - Lightning Bolt                 Conjuration/Air              5
Comestibles
 c - 3 bread rations
 f - 3 meat rations
 h - a slice of pizza
 j - 3 chunks of flesh
 k - a beef jerky


   Skills:
 + Level 1.3 Fighting
 + Level 3.2 Dodging
 - Level 2.4 Stealth
 + Level 3.7 Spellcasting
 * Level 2.9 Conjurations
 * Level 3.7 Air Magic


You had 2 spell levels left.
You knew the following spells:

 Your Spells              Type           Power        Failure   Level  Hunger
a - Shock                 Conj/Air       ###.         3%          1    None
b - Repel Missiles        Chrm/Air       ##....       12%         2    ##.....
c - Static Discharge      Conj/Air       ###.....     12%         3    ###....
d - Swiftness             Chrm/Air       ##......     12%         2    ##.....


Dungeon Overview and Level Annotations

Branches:
Dungeon (4/15)
 Temple: D:4-7

Altars:
Dithmenos
Ru
Sif Muna


Message History

Found a bread ration.
You feel sick.
The orc warrior hits you with a hand axe.
You start to feel a little faster.
The orc warrior misses you.
Casting: Swiftness
Confirm with . or Enter, or press ? or * to list all spells.
The orc warrior is struck by lightning.
The orc warrior is moderately wounded.
The lightning grounds out.
You feel sick.
You are no longer poisoned.
The orc warrior closely misses you.
Unknown command.
Casting: Static Discharge
Confirm with . or Enter, or press ? or * to list all spells.
The orc warrior is struck by lightning.
The orc warrior is heavily wounded.
The lightning grounds out.
The orc warrior hits you with a hand axe!
You die...

##.###..##..##.
...............
.......<.....?.
........##..######
#..###..##..###..###
#..###..##..)......#
#.......#%.........+
#.......#..........#
###+##..###..o@.#
#..#....####
#.o#....# #..#....#
#..'....# ####....#
######


You could see an orc warrior.

Vanquished Creatures
  4 adders
  A worm (D:3)
  2 dart slugs
  3 giant geckos (D:2)
  5 orcs
  9 giant cockroaches
  9 goblins
  9 hobgoblins
  2 jackals (D:1)
  6 kobolds
  6 bats
  5 giant newts
  10 rats
71 creatures vanquished.

Notes
Turn   | Place    | Note
--------------------------------------------------------------
     0 | D:1      | epen the Deep Elf Air Elementalist began the quest for the Orb.
     0 | D:1      | Reached XP level 1. HP: 10/10 MP: 6/6
   347 | D:1      | Reached XP level 2. HP: 12/15 MP: 4/8
   360 | D:1      | Learned a level 2 spell: Repel Missiles
   959 | D:2      | Reached XP level 3. HP: 20/20 MP: 4/9
   964 | D:2      | Learned a level 3 spell: Static Discharge
   967 | D:2      | Learned a level 2 spell: Swiftness
  1149 | D:2      | Found a sacrificial altar of Ru.
  1546 | D:2      | Found a shadowy altar of Dithmenos.
  1553 | D:2      | Reached skill level 1 in Fighting
  1960 | D:2      | Reached XP level 4. HP: 25/25 MP: 9/11
  2339 | D:3      | Noticed an orc warrior
  3339 | D:3      | Found a deep blue altar of Sif Muna.
  3544 | D:4      | Slain by an orc warrior

Vault maps used:
D:1:      minmay_arrival_solitary_statue, serial_forest,
          infiniplex_forest_lined_room_3, infiniplex_forest_clump_C,
          infiniplex_forest_clump_cross, infiniplex_forest_clump_double,
          infiniplex_forest_lined_ring, infiniplex_forest_clump_tiny,
          infiniplex_forest_clump_diagonal, corexii_item_surrounded_by_moat
D:2:      grunt_dithmenos_smoke_and_mirrors, corexii_corridor_pit,
          nicolae_ru_path_of_blood
D:3:      led_sif_book
D:4:      first_bread

Skill      XL: |  1  2  3 |
---------------+----------+-----
Conjurations   | 2 |  2.9
Fighting       | 1 |  1.3
Dodging        | 3 |  3.2
Stealth        | |  2.4
Spellcasting   | |  3.7
Air Magic      | |  3.7

Action                   |  1- 3 |  4- 6 || total
-------------------------+-------+-------++-------
Melee: Dagger            |    14 |    16 ||    30
       Unarmed           |     5 |       ||     5
 Cast: Shock             |    75 |    48 ||   123
       Repel Missiles    |     1 |       ||     1
       Static Discharge  |     3 |     4 ||     7
       Swiftness         |       |     1 ||     1
  Use: Scroll            |       |     7 ||     7
 Stab: Sleeping          |       |     1 ||     1
  Eat: Chunk             |     3 |     5 ||     8
Armor: Robe              |     6 |     2 ||     8
Dodge: Dodged            |    22 |    15 ||    37
       Deflected         |     1 |     1 ||     2
